 Dungeon Crawl Stone Soup version bcrawl-1.12-10-g10a67aac0f (webtiles) character file.

Game seed: 13660175017321272978

578 MisterOstroum the Covert (level 7, 0/51 HPs)
             Began as a Vampire Rogue on June 12, 2019.
             Slain by a killer bee (5 damage)
             ... on level 4 of the Dungeon.
             The game lasted 00:21:15 (4782 turns).

MisterOstroum the Covert (Vampire Rogue)            Turns: 4782, Time: 00:21:16

Health: 0/51       AC:  3    Str: 13 (14) XL:     7   Next: 13%
Magic:  10/10      EV: 11    Int: 11 (12) God:
Gold:   235        SH:  0    Dex: 15 (16) Spells: 4/6 levels left

rFire    . . .     SeeInvis +   a - +2 dagger
rCold    . . .     Gourm    .   (no shield)
rNeg     + + .     Faith    .   c - +0 robe
rPois    .         Spirit   .   (no helmet)
rElec    +         Reflect  .   d - +0 cloak
rCorr    .         Harm     .   (no gloves)
MR       .....                  (no boots)
Stlth    +++++.....             A - amulet of the acrobat
HPRegen  0.17/turn              v - ring of insulation
MPRegen  0.12/turn              x - ring of positive energy

@: lethally poisoned (0 -> -8)
A: claws 1, fangs 3, see invisible, unbreathing
a: no special abilities


You were on level 4 of the Dungeon.
You were not thirsty.

You visited 1 branch of the dungeon, and saw 4 of its levels.

You collected 235 gold pieces.

Inventory:

Hand Weapons
 a - a +2 dagger (weapon)
 b - a +0 blowgun
 r - a +0 falchion
 y - a +2 mace of draining
Missiles
 h - 174 poisoned needles
 k - 413 stones (quivered)
 C - 127 tomahawks
Armour
 c - a +0 robe (worn)
 d - a +0 cloak (worn)
Jewellery
 v - a ring of insulation (left claw)
 x - a ring of positive energy (right claw)
 A - an amulet of the acrobat (around neck)
Wands
 f - a wand of flame (28)
 g - a wand of enslavement (12)
 u - a wand of acid (3)
 B - a wand of polymorph (10)
Scrolls
 j - a scroll of enchant weapon {unknown}
 l - 2 scrolls of identify
 m - 2 scrolls of enchant armour {unknown}
 n - 3 scrolls of remove curse {unknown}
 q - a scroll of fog {unknown}
 t - a scroll of teleportation {unknown}
 D - a scroll of fear {unknown}
Potions
 e - 14 potions of blood
 i - 3 potions of agility
 p - a potion of degeneration


   Skills:
 + Level 2.9 Fighting
 + Level 5.4 Short Blades
 - Level 1.5 Throwing
 + Level 8.3 Stealth
 + Level 4.5 Evocations


You had 4 spell levels left.
You knew the following spells:

 Your Spells              Type           Power        Failure   Level  Hunger
a - Shackle               Hex            #.......     47%         2    ###....

Your spell library contained the following spells:

 Spells                   Type           Power        Failure   Level  Hunger
 Corona                   Hex            #......      34%         1    ##.....
 False Image              Hex/Summ       #.......     71%         3    ####...
 Inner Flame              Hex/Fire       N/A          71%         3    ####...
 Cause Fear               Hex            #.........   98%         4    #####..
 Yara's Violent Unravell  Hex/Tmut       #.........   98%         4    #####..


Dungeon Overview and Level Annotations

Branches:
Dungeon (4/12)
 Temple: D:4-7

Altars:

Annotations:
D:4 Ijyb


Innate Abilities, Weirdness & Mutations

You have sharp fingernails.
You have razor-sharp teeth.
You have supernaturally acute eyesight. (SInv)
You can survive without breathing.


Message History

Press: ? - help, Shift-Dir - straight line, f/p - Menkaure
Aim: Menkaure (almost destroyed)
The bolt of acid hits Menkaure.
Menkaure is splashed with acid!
The acid corrodes Menkaure!
You destroy Menkaure!
You feel your strength returning.
Your Stealth skill increases to level 8!
You have reached level 7!
You start resting.
One of your 16 potions of blood rots away.
You start resting.
HP restored.
You now have 205 gold pieces (gained 14).
Unknown command.
There is an escape hatch in the floor here.
j - a scroll labeled LIR GOGYERGH You now have 221 gold pieces (gained 16).
You now have 235 gold pieces (gained 14).
Ijyb is too close now for your liking.
You're too thirsty to transform right now.
Unknown command.
Evoke which item? (* to show all) (? for menu, Esc to quit)
Aiming: Throw Flame
Press: ? - help, Shift-Dir - straight line, f - Ijyb
Aim: Ijyb, wielding a +2 dagger of electrocution, wearing a +0 leather armour and carrying a wand of polymorph (7) (hasn't noticed you)
The puff of flame hits Ijyb.
Ijyb is moderately wounded.
Ijyb shouts!
You hear an angry buzzing noise.
Evoke which item? (* to show all) (? for menu, Esc to quit)
Aiming: Throw Flame
Press: ? - help, Shift-Dir - straight line, f/p - Ijyb
Aim: Ijyb, wielding a +2 dagger of electrocution, wearing a +0 leather armour and carrying a wand of polymorph (7) (moderately wounded)
The puff of flame hits Ijyb.
Ijyb is heavily wounded.
You hear an angry buzzing noise.
Ijyb unwields a +2 dagger of electrocution.
It stops crackling.
Ijyb wields a +0 hunting sling.
Ijyb shoots a sling bullet.
The sling bullet hits you but does no damage.
Evoke which item? (* to show all) (? for menu, Esc to quit)
Aiming: Throw Flame
Press: ? - help, Shift-Dir - straight line, f - killer bee
Aim: a killer bee The puff of flame hits the killer bee.
The killer bee is heavily wounded.
The killer bee barely misses you. x2
Evoke which item? (* to show all) (? for menu, Esc to quit)
Aiming: Throw Flame
Press: ? - help, Shift-Dir - straight line, p - killer bee The puff of flame hits the killer bee.
You kill the killer bee!
The killer bee closely misses you.
Evoke which item? (* to show all) (? for menu, Esc to quit)
Aiming: Throw Flame
Press: ? - help, Shift-Dir - straight line, f - killer bee
Aim: a killer bee The puff of flame misses the killer bee.
The killer bee barely misses you. The killer bee closely misses you.
Evoke which item? (* to show all) (? for menu, Esc to quit)
Aiming: Throw Flame
Press: ? - help, Shift-Dir - straight line, p - killer bee The killer bee stings you. x2
Evoke which item? (* to show all) (? for menu, Esc to quit)
Aiming: Throw Flame
Press: ? - help, Shift-Dir - straight line The killer bee barely misses you.
The killer bee stings you.
You are poisoned.
The killer bee poisons you!
Evoke which item? (* to show all) (? for menu, Esc to quit)
Aiming: Throw Flame
Press: ? - help, Shift-Dir - straight line, f - killer bee
Aim: a killer bee The puff of flame misses the killer bee.
The puff of flame hits Ijyb.
Ijyb is severely wounded.
You feel sick. The killer bee stings you. The killer bee stings you!
Evoke which item? (* to show all) (? for menu, Esc to quit)
Aiming: Throw Flame
Press: ? - help, Shift-Dir - straight line, f/p - killer bee
Aim: a killer bee The puff of flame hits the killer bee.
The killer bee is moderately wounded.
The killer bee barely misses you. The killer bee stings you!
* * * LOW HITPOINT WARNING * * *
Okay, then.
You're too thirsty to transform right now.
Unknown command.
Why would you want to do that?
Unknown command.
Yummy - fresh blood!
e - 14 potions of blood;
p - a potion of degeneration You feel sick.
The killer bee stings you but does no damage.
The killer bee stings you!
* * * LOW HITPOINT WARNING * * *
You are lethally poisoned!
The killer bee poisons you!
You miss the killer bee. Your bite misses the killer bee.
The killer bee is moderately wounded.
The killer bee stings you.
You die...

.###.##.###.##### #.# #. y#
#............# #.# #.
.###.##.#.......# ##.## #.
#...###.#.......###.####...#####.
###.##..............##..........#
#.............##..##.#...####.#
######..#.......##..#...#.## #.#
........#..[.....#.yg.....# #†#
######..########@#..........###.#
#..# #y#.#......#..y... #..#
######g#.##...#.#####.#
..............###.##.# #.#
####..........y......# #.#
#######.#####.## #.# ..#
#.########.# ########........%.#
#......#########


You could see Ijyb and a killer bee.

Vanquished Creatures
  Menkaure (D:4)
  An ogre (D:3)
  A killer bee (D:4)
  Jessica (D:2)
  Natasha (twice) (D:4)
  An orc wizard (D:3)
  2 worker ants (D:4)
  Terence (D:2)
  3 adders
  2 oozes
  6 worms
  4 dart slugs
  3 leopard geckos
  5 orcs
  3 ball pythons
  4 bats
  4 giant cockroaches (D:1)
  6 goblins
  9 hobgoblins
  12 jackals
  14 kobolds
  4 quokkas
  A frilled lizard (D:4)
  4 rats
94 creatures vanquished.

Notes
Turn   | Place    | Note
-------+----------+-------------------------------------------
     0 | D:1      | MisterOstroum the Vampire Rogue began the quest for the
                  | Orb.
     0 | D:1      | Reached XP level 1. HP: 13/13 MP: 2/2
   454 | D:1      | Reached XP level 2. HP: 19/19 MP: 3/3
   709 | D:1      | Reached XP level 3. HP: 22/24 MP: 5/5
  1559 | D:2      | Noticed Terence
  1780 | D:2      | Killed Terence
  1780 | D:2      | Reached skill level 1 in Fighting
  1780 | D:2      | Reached XP level 4. HP: 20/32 MP: 6/6
  1966 | D:2      | Noticed Jessica
  1971 | D:2      | Killed Jessica
  2308 | D:2      | Reached XP level 5. HP: 37/37 MP: 7/7
  2635 | D:3      | Reached skill level 7 in Stealth
  2925 | D:3      | Noticed an ogre
  2980 | D:3      | Killed an ogre
  2980 | D:3      | Reached XP level 6. HP: 44/44 MP: 8/8
  3762 | D:4      | Noticed Natasha
  3777 | D:4      | Killed Natasha
  3777 | D:4      | Reached skill level 5 in Short Blades
  3999 | D:4      | Noticed Natasha
  4009 | D:4      | Paralysed by Natasha for 4 turns
  4029 | D:4      | Killed Natasha
  4172 | D:4      | Noticed Ijyb
  4272 | D:3      | HP: 3/69 [killer bee (4)]
  4278 | D:3      | HP: 2/69 [poisoned by a killer bee]
  4284 | D:3      | HP: 2/69 [poisoned by a killer bee]
  4289 | D:3      | HP: 2/69 [poisoned by a killer bee]
  4502 | D:4      | Learned a level 2 spell: Shackle
  4516 | D:4      | Noticed Menkaure
  4523 | D:4      | Killed Menkaure
  4523 | D:4      | Reached skill level 8 in Stealth
  4523 | D:4      | Reached XP level 7. HP: 28/51 MP: 10/10
  4782 | D:4      | Slain by a killer bee

Skill      XL: |  1  2  3  4  5  6 |
---------------+-------------------+-----
Short Blades   | 3 4 5 |  5.4
Evocations     | 3 4 |  4.5
Fighting       | 1 2 |  2.9
Stealth        | 7 8 |  8.3
Throwing       | |  1.5

Action                   |  1- 3 |  4- 6 |  7- 9 || total
-------------------------+-------+-------+-------++-------
Melee: Dagger            |   111 |   187 |     1 ||   299
       Bite              |     9 |    25 |       ||    34
       Falchion          |       |    17 |       ||    17
       Unarmed           |       |    23 |       ||    23
 Fire: Blowgun           |     2 |    27 |       ||    29
Throw: Stone             |    19 |    18 |       ||    37
 Abil: Bat Form          |       |    10 |       ||    10
       End Transformatio |       |     8 |       ||     8
Evoke: Wand              |     2 |    16 |    10 ||    28
  Use: Potion            |     9 |    12 |     1 ||    22
       Scroll            |       |     1 |       ||     1
 Stab: Sleeping          |    12 |     8 |       ||    20
       Distracted        |       |     2 |       ||     2
  Eat: Corpse            |     1 |     2 |       ||     3
Armor: Robe              |    19 |    27 |     2 ||    48
       Skin              |       |     8 |       ||     8
Dodge: Dodged            |    55 |   134 |     7 ||   196
